 Dungeon Crawl Stone Soup version 0.28.0-53-g5a82cb258f (webtiles) character file.

Game seed: 9026357253325997941

40 Spectrina the Ducker (level 3, -9/22 HPs)
             Began as a Deep Elf Monk on May 22, 2022.
             Was a Priest of Sif Muna.
             Mangled by a gnoll
             ... wielding a +0 halberd
              (15 damage)
             ... on level 2 of the Dungeon.
             The game lasted 00:09:34 (1255 turns).

Spectrina the Ducker (Deep Elf Monk)                Turns: 1255, Time: 00:09:35

Health: -9/22      AC:  3    Str:  8    XL:     3   Next: 30%
Magic:  6/6        EV: 13    Int: 16    God:    Sif Muna [***...]
Gold:   80         SH:  0    Dex: 17    Spells: 1/2 levels left

rFire   . . .      SeeInvis .   q - +3 whip (pain)
rCold   . . .      Faith    .   (no shield)
rNeg    . . .      Spirit   .   r - +0 leather armour
rPois   .          Reflect  .   (no helmet)
rElec   .          Harm     .   c - scarf {shadows}
rCorr   .          Rampage  .   (no gloves)
Will    .....                   (no boots)
Stlth   ++........              (no amulet)
HPRegen 0.07/turn               (no ring)
MPRegen 0.10/turn               (no ring)

@: no status effects
A: no striking features
a: Renounce Religion, Channel Magic, Forget Spell


You were on level 2 of the Dungeon.
You worshipped Sif Muna.
Sif Muna was most pleased with you.
You visited 1 branch of the dungeon, and saw 4 of its levels.

You collected 80 gold pieces.

Inventory:

Hand Weapons
 a - a +0 spear
 q - a +3 whip of pain (weapon)
Missiles
 d - 4 poisoned darts (quivered)
 e - 68 arrows
 h - 35 sling bullets
Armour
 b - a +0 robe
 c - a scarf of shadows (worn)
 r - a +0 leather armour (worn)
Magical Staves
 k - a staff of cold
Scrolls
 n - a scroll of teleportation {unknown}
 o - 2 scrolls of noise {unknown}
 p - a scroll of silence {unknown}
Potions
 g - a potion of brilliance
 i - a potion of heal wounds
 j - a potion of mutation
 l - a potion of might {unknown}
 m - a potion of cancellation {unknown}


   Skills:
 - Level 2.4 Fighting
 + Level 0.3 Maces & Flails
 - Level 2.7 Polearms
 - Level 3.6 Dodging
 + Level 2.4 Stealth
 + Level 0.1 Spellcasting
 - Level 0.1 Hexes
 * Level 1.1 Necromancy
 - Level 1.6 Invocations


You had one spell level left.
You knew the following spells:

 Your Spells              Type           Power      Damage    Failure   Level
a - Slow                  Hex            0%         N/A       34%         1

Your spell library contained the following spells:

 Spells                   Type           Power      Damage    Failure   Level
 Vampiric Draining        Necr           3%         2d6       56%         3
 Confusing Touch          Hex            0%         N/A       71%         3


Dungeon Overview and Level Annotations

Branches:
Dungeon (4/15)
 Temple: D:4-7

Altars:
Sif Muna
The Shining One


Message History

You hit the worm.
The worm writhes in agony.
The worm is almost dead.
The worm bites you.
* * * LOW HITPOINT WARNING * * *
You hit the worm.
You kill the worm!
Sif Muna accepts your kill.
Your Necromancy skill increases to level 1!
An adder comes into view.
A rat comes into view.
You enter the shallow water.
Moving in this stuff is going to be slow.
You enter the shallow water.
Moving in this stuff is going to be slow.
A kobold comes into view. It is wielding a +0 short sword.
A gnoll comes into view. It is wielding a +0 flail.
The kobold shouts!
You hear a shout! x2
The gnoll moves out of view.
A gnoll comes into view. It is wielding a +0 halberd.
The gnoll moves out of view.
The kobold throws a stone.
The stone misses you.
The kobold throws a stone.
The stone hits you. The kobold misses you.
You whack the kobold!
You kill the kobold!
Sif Muna accepts your kill.
Unknown command.
The dart slug launches a dart at you. The slug dart hits you.
* * * LOW HITPOINT WARNING * * *
The dart slug launches a dart at you. The slug dart misses you.
The dart slug launches a dart at you. The slug dart misses you.
The gnoll closely misses you. The rat barely misses you.
You barely miss the rat.
The gnoll hits you from afar with a +0 halberd!
Ouch! That really hurt!
You die...

#.#.## #....######
#......r..w #...# ##.##
# #..# ## #.## .# #r# #
.## #@# .# .≈### #.#
####.# #..>##
#g#####....### #.#..#
#.##.........g #..≈.#
#####g##.##.# ###..#
###.....#...#.# ≈≈#≈##
#.............#
.8#.######.#.#####...###
###..........# ##.##


You could see 2 gnolls and a rat.

Vanquished Creatures
  An adder (D:4)
  A worm (D:2)
  3 dart slugs (D:2)
  A ball python (D:2)
  An endoplasm (D:2)
  A goblin (D:1)
  3 hobgoblins (D:2)
  A quokka (D:2)
  2 bats
  4 frilled lizards
  3 kobolds
  A rat (D:3)
  A spectral goblin (D:2)
  2 toadstools (D:1)
25 creatures vanquished.

Vanquished Creatures (others)
  2 toadstools (D:1)
2 creatures vanquished.

Grand Total: 27 creatures vanquished

Notes
Turn   | Place    | Note
-------+----------+-------------------------------------------
     0 | D:1      | Spectrina the Deep Elf Monk began the quest for the Orb.
     0 | D:1      | Reached XP level 1. HP: 13/13 MP: 3/3
   402 | D:2      | Found a faded altar of an unknown god.
   414 | D:2      | Prayed at the altar of an unknown god.
   414 | D:2      | Became a worshipper of Sif Muna the Loreminder
   414 | D:2      | Reached * piety under Sif Muna
   414 | D:2      | Reached ** piety under Sif Muna
   428 | D:2      | Reached XP level 2. HP: 11/18 MP: 4/4
   573 | D:2      | Reached *** piety under Sif Muna
   597 | D:2      | Reached skill level 1 in Invocations
   927 | D:3      | Learned a level 1 spell: Slow
   978 | D:3      | Found a glowing golden altar of the Shining One.
  1065 | D:4      | Reached XP level 3. HP: 13/22 MP: 6/6
  1161 | D:2      | Reached skill level 1 in Necromancy
  1255 | D:2      | Mangled by a gnoll

Illustrated notes

Levels and vault maps discovered:
D:1:      ldierk_water_garden, layout_loops_ring, nrook_uturn,
          nrook_mini_vaults, amcnicky_mini_corridor_feature, serial_park_tiny_2,
          corexii_leaking_fountain, chequers_avenue
D:2:      layout_loops_ring, dreamdust_ecumenical_altar_drowned_temple
D:3:      layout_basic, mainiacjoe_overflow_concentric_impassable,
          minmay_misc_feat_secret_circle
D:4:      layout_basic, minmay_temple_entry_drinking_statues,
          cheibrodos_gnoll_hut, uniq_grinder, uniq_eustachio

Skill      XL: |  1  2  3 |
---------------+----------+-----
Invocations    | 1 |  1.6
Necromancy     | 1 |  1.1
Fighting       | |  2.4
Maces & Flails | |  0.3
Polearms       | |  2.7
Dodging        | |  3.6
Stealth        | |  2.4
Spellcasting   | |  0.1
Hexes          | |  0.1

Action                   || total
-------------------------++-------
Melee: Spear             ||    90
       Whip              ||    19
       Punch             ||     1
Throw: Dart              ||     3
  Use: Scroll            ||     3
       Potion            ||     1
 Stab: Sleeping          ||     7
       Distracted        ||     1
Armor: Robe              ||     7
       Leather armour    ||     4
Dodge: Dodged            ||    51
